Cogmind - Beta 14 @@@ ROGUE MODE // 2024.09.18 @ 14:47:06 Player: Dull Result: Destroyed by Y-45 Defender with Heavy Assault Rifle Performance ------------- Evolutions (0) 0 Regions Visited (2) 400 Robots Destroyed (27) 135 Value Destroyed (739) 739 Prototype IDs (0) 0 Alien Tech Used (0) 0 Bonus (0) 0 TOTAL SCORE: 1274 Bonus ------- None Cogmind --------- Core Integrity 0/250 Matter 248/300 Energy 139/200 System Corruption 0% Temperature Cool (6) Movement Rolling (107) Ox1 Location -10/Subcaves Parts ------- > --- POWER (1) -------- Subdweller Power Source > --- PROPULSION (2) --- Wheel Subdweller Monowheel > --- UTILITY (2) ------ Large Storage Unit Shield Generator > --- WEAPON (2) ------- Subdweller Laser Subdweller Machine Gun > --- INVENTORY (15) --- Ion Engine Subdweller Power Source Heat Sink Shield Generator Tractor Beam Subdweller Laser Subdweller Laser Beam Cannon Subdweller Beam Cannon Shotgun Shotgun Light Cannon Light Cannon Grenade Launcher Mining Claw Peak State ------------ > --- POWER ------------ Subdweller Power Source > --- PROPULSION ------- Light Treads Subdweller Monowheel > --- UTILITY ---------- Large Storage Unit Shield Generator > --- WEAPON ----------- Subdweller Machine Gun Subdweller Machine Gun > --- INVENTORY -------- Ion Engine Wheel Heat Sink Shield Generator Tractor Beam Subdweller Laser Subdweller Laser Beam Cannon Subdweller Beam Cannon Shotgun Shotgun Light Cannon Light Cannon Grenade Launcher Mining Claw [Rating: 14] Favorites ----------- Power Light Ion Engine Engine Light Ion Engine Propulsion Light Treads Treads Light Treads Leg Aluminum Leg Wheel Wheel Utility Large Storage Unit Device Shield Generator Storage Large Storage Unit Weapon Medium Laser Energy Gun Medium Laser Ballistic Gun Subdweller Machine Gun Launcher Grenade Launcher Build | -11 -10 -10 ------- Run | Yrd Mat Sub Slots Evolved . | . . . Power . | . . . Propulsion . | . . . Utility . | . . . Weapon . | . . . Parts Attached 36 | 4 16 16 Power 4 | . 1 3 Engine 4 | . 1 3 Core . | . . . Reactor . | . . . Propulsion 9 | 2 2 5 Treads 4 | 2 2 . Leg . | . . . Wheel 5 | . . 5 Hover . | . . . Flight . | . . . Utility 8 | 1 5 2 Device 7 | 1 4 2 Storage 1 | . 1 . Processor . | . . . Hackware . | . . . Protection . | . . . Artifact . | . . . Weapon 15 | 1 8 6 Energy Gun 6 | 1 4 1 Energy Cannon . | . . . Ballistic Gun 7 | . 2 5 Ballistic Cannon . | . . . Launcher 2 | . 2 . Special Weapon . | . . . Impact Weapon . | . . . Slashing Weapon . | . . . Piercing Weapon . | . . . Special Melee Weapon . | . . . Unidentified Prototypes . | . . . Parts Lost 5 | . 1 4 Power 1 | . 1 . Propulsion 1 | . . 1 Utility 2 | . . 2 Weapon 1 | . . 1 Highest Loss Streak 3 | . 1 3 To Critical Strikes . | . . . Average Slot Usage (%) 99 | . 98 99 Engine 13 | . 13 14 Treads 25 | . 27 22 Wheel 2 | . . 4 Device 13 | . 14 13 Storage 14 | . 14 14 Energy Gun 12 | . 22 . Ballistic Gun 14 | . 4 27 Peak Build Rating 14 | 7 12 14 Average Rating 10 | 6 8 12 On Entrance 8 | 6 7 12 Naked Turns . | . . . Heaviest Build 35 | 11 33 35 Greatest Support 40 | 40 40 40 Greatest Overweight (x) 3 | . . 3 Average Overweight (x) . | . . . Largest Inventory Capacity 15 | 8 15 15 Average Capacity 13 | 8 12 15 Most Carried 15 | 7 15 15 Average Carried 11 | 5 9 14 Final Capacity 15 | 8 15 15 Final Carried 15 | 3 15 15 Class Distribution -------------------- 97% | Mutant Dominant Class ---------------- Mutant | -10/Materials Mutant | -10/Subcaves Resources | -11 -10 -10 ----------- Run | Yrd Mat Sub Matter Collected 765 | 240 180 345 Remotely . | . . . Salvage Created 904 | 109 458 337 Parts 55 | 6 22 27 Haulers Intercepted . | . . . Recyclers Shooed . | . . . Parts Field Recycled . | . . . Retrieved Matter . | . . . Parts Self-Destructed 6 | . . 6 Prevented . | . . . Kills | -11 -10 -10 ------- Run | Yrd Mat Sub Combat Hostiles Destroyed 23 | . 14 9 Guns 21 | . 12 9 Classes Destroyed 7 | 2 4 1 Builder 1 | . 1 . Tunneler 1 | 1 . . Recycler 1 | 1 . . Watcher 1 | . 1 . Swarmer 6 | . 6 . Grunt 8 | . 8 . Subdweller 9 | . . 9 Best Kill Streak 4 | 2 4 2 Combat Bots Only 3 | . 3 2 Max Kills in Single Turn 1 | 1 1 1 Gunslinging . | . . . Exploded . | . . . Melee . | . . . Uniques/NPCs Destroyed . | . . . Combat | -11 -10 -10 -------- Run | Yrd Mat Sub Hostile Shots Fired 154 | . 96 58 Missed 40 | . 25 15 Damage Taken 1415 | . 635 780 Core 254 | . 101 153 Absorbed by Shields 279 | . . 279 Regen/Repaired (Parts) 137 | . 137 . Core Remaining (%) 100 | 100 . . Volleys Fired 122 | 6 67 49 Largest 2 | 2 2 2 Hottest 100 | 80 100 90 Shots Fired 241 | 12 132 97 Gun 239 | 12 130 97 Cannon . | . . . Launcher 2 | . 2 . Special . | . . . Kinetic 100 | . 4 96 Thermal 138 | 11 126 1 Explosive 2 | . 2 . Electromagnetic 1 | 1 . . Robot Hit Streak 12 | 3 10 12 Robot Miss Streak 7 | 2 7 2 Penetration Max . | . . . Secondary Targets 2 | . 1 1 Max Gunslinging Chain 1 | . 1 1 Shots Hit Robots 138 | 6 77 55 Core Hits 45 | 3 27 15 Critical Kills 1 | . . 1 Critical Parts Destroyed . | . . . Critical Strikes 7 | . 5 2 Burn 5 | . 5 . Destroy 2 | . . 2 Melee Attacks . | . . . Impact . | . . . Slashing . | . . . Piercing . | . . . Sneak Attacks . | . . . Combat Hostiles . | . . . Follow-up Attacks . | . . . Damage Inflicted 1995 | 63 960 972 Guns 1991 | 63 956 972 Cannons . | . . . Explosions . | . . . Melee . | . . . Ramming 4 | . 4 . Kinetic 981 | . 9 972 Thermal 1010 | 63 947 . Explosive . | . . . Electromagnetic . | . . . Impact . | . . . Slashing . | . . . Piercing . | . . . Highest Corruption . | . . . Average Corruption . | . . . Corruption Purged . | . . . Corruption Blocked . | . . . Overload Shots . | . . . Overflow Damage . | . . . Projectiles . | . . . Explosions . | . . . Melee . | . . . Knockbacks . | . . . Impact . | . . . Kinetic . | . . . Secondary . | . . . Self-Inflicted Damage . | . . . Shots . | . . . Rammed 1 | . 1 . Targets Rammed 1 | . 1 . Kicked . | . . . Crushed . | . . . Highest Temperature 108 | 36 108 . Average Temperature 21 | 18 21 . Received Heat Transfer 277 | . 183 94 Siege Activations . | . . . Robots Corrupted . | . . . Combat Hostiles . | . . . Parts Fried . | . . . Impact Corruptions . | . . . Robots Melted 2 | . 2 . Combat Hostiles 2 | . 2 . Parts Melted 7 | . 7 . Heat Transferred 3009 | 150 2859 . Parts Sabotaged . | . . . Parts Stolen . | . . . Parts Stripped . | . . . Power Chain Reactions . | . . . Alert | -11 -10 -10 ------- Run | Yrd Mat Sub Peak Influence 174 | 10 174 . Initial 6 | . 6 . Average 65 | 5 67 . Maximum Alert Level . | . . . Low Security (%) 100 | 100 100 . Level 1 . | . . . Level 2 . | . . . Level 3 . | . . . Level 4 . | . . . Level 5 . | . . . High Security . | . . . Max Security . | . . . Squads Dispatched 3 | . 3 . Investigation . | . . . Extermination . | . . . Reinforcement 3 | . 3 . Assault . | . . . Garrison . | . . . Intercept . | . . . Searches Triggered . | . . . Construction Impeded . | . . . Haulers Reinforced . | . . . Active Scanning Responses . | . . . Cargo Convoy Interrupts . | . . . Stealth | -11 -10 -10 --------- Run | Yrd Mat Sub Distress Signals 2 | . 2 . Communications Jammed . | . . . Distress Signals . | . . . Times Spotted 38 | . 28 10 Peak Tracking Total 5 | . 5 2 Tactical Retreats 1 | . 1 . Traps | -11 -10 -10 ------- Run | Yrd Mat Sub Traps Triggered 3 | . . 3 Indirectly . | . . . Trap Hack Attempts . | . . . Triggered . | . . . Disarmed . | . . . Reprogrammed . | . . . Reused . | . . . Traps Extracted . | . . . Installed . | . . . Triggered . | . . . Machines | -11 -10 -10 ---------- Run | Yrd Mat Sub Machines Disabled . | . . . Max in Single Turn . | . . . Machines Repaired . | . . . Machines Dismantled . | . . . Machines Sabotaged . | . . . Overloaded Fab Kills . | . . . Hacking | -11 -10 -10 --------- Run | Yrd Mat Sub Machines Accessed 8 | . 8 . Terminals 5 | . 5 . Fabricators . | . . . Repair Stations 1 | . 1 . Recycling Units 2 | . 2 . Scanalyzers . | . . . Garrison Access . | . . . Total Hacks 27 | . 27 . Successful 18 | . 18 . Failed 8 | . 8 . Catastrophic 1 | . 1 . Database Lockouts 1 | . 1 . Manual 21 | . 21 . Terminals 14 | . 14 . Fabricators . | . . . Repair Stations 6 | . 6 . Recycling Units 7 | . 7 . Scanalyzers . | . . . Garrison Access . | . . . Terminal Hacks 2 | . 2 . Robot Analysis 1 | . 1 . Alert Level 1 | . 1 . Fabricator Hacks . | . . . Repair Station Hacks 5 | . 5 . Scan Component 3 | . 3 . Repair 2 | . 2 . Recycling Unit Hacks . | . . . Scanalyzer . | . . . Garrison Access Hacks . | . . . Unauthorized Hacks 11 | . 11 . Terminals 5 | . 5 . Botnet 5 | . 5 . Fabricators . | . . . Repair Stations . | . . . Recycling Units 6 | . 6 . Monitor 2 | . 2 . Reject 2 | . 2 . Mask 2 | . 2 . Scanalyzers . | . . . Garrison Access . | . . . Data Cores Recovered . | . . . Used . | . . . Hacking Detections 6 | . 6 . Full Trace Events . | . . . Feedback Events . | . . . Feedback Blocked . | . . . Robot Schematics Acquired . | . . . Robots Built . | . . . Authchips . | . . . Time . | . . . Total Robot Build Rating . | . . . Part Schematics Acquired . | . . . Parts Built . | . . . Authchips . | . . . Time . | . . . Total Part Build Rating . | . . . Parts Repaired 2 | . 2 . Time 62 | . 62 . Parts Recycled . | . . . Recycled Matter . | . . . Retrieved Matter . | . . . Retrieved Components . | . . . Parts Scanalyzed . | . . . Part Schematics Acquired . | . . . Parts Damaged . | . . . Bothacking | -11 -10 -10 ------------ Run | Yrd Mat Sub Used RIF Installer . | . . . Robots Hacked . | . . . Non-combat . | . . . Combat . | . . . Robot Hacks Applied . | . . . Relay Couplers Released . | . . . Fabnet Peak Effective % . | . . . Robots Rewired . | . . . Allies Hacked . | . . . Hacks Repelled . | . . . Allies | -11 -10 -10 -------- Run | Yrd Mat Sub Total Allies . | . . . Largest Group . | . . . Highest-Rated Group . | . . . Highest-Rated Ally . | . . . Total Orders . | . . . Ally Attacks . | . . . Total Damage . | . . . Kills . | . . . Allies Corrupted . | . . . Allies Melted . | . . . Intel | -11 -10 -10 ------- Run | Yrd Mat Sub Robot Analysis Total 1 | . 1 . Derelict Logs Recovered . | . . . Drone Launches . | . . . Drone Recoveries . | . . . Exploration | -11 -10 -10 ------------- Run | Yrd Mat Sub Turns Passed 3093 | 57 1665 1371 Spaces Moved 1515 | 24 701 790 Core . | . . . Treads 1209 | 5 701 503 Legs 19 | 19 . . Wheels 287 | . . 287 Hover . | . . . Flight . | . . . Fastest Speed 107 | 120 160 107 Average Speed 152 | 128 160 146 Slowest Speed 240 | 160 160 240 Overloaded Moves . | . . . Propulsion Burnouts . | . . . Robots Hopped . | . . . Cave-ins Triggered . | . . . Exploration Rate (%) 47 | 2 100 41 Regions Visited 2 Branch Regions 1 Pre-discovered Areas . | . . . Known Exits Taken . | . . . Unknown Exits Taken 2 | 1 1 . Scrap Searched 5 | . . 5 Spaces Dug 8 | . 8 . Terrain Destroyed 17 | . 17 . Melee . | . . . Projectile . | . . . AOE 17 | . 17 . Terrain Rammed . | . . . Walls Destroyed . | . . . Machines Disabled . | . . . Actions | -11 -10 -10 --------- Run | Yrd Mat Sub Total 2056 | 38 1109 909 Wait 347 | . 304 43 Move 1513 | 23 700 790 Hop . | . . . Pick Up 18 | 1 13 4 Fast Attach 6 | 1 5 . Attach 5 | . . 5 Detach . | . . . Swap 25 | 3 11 11 Drop 19 | 4 8 7 Fire 122 | 6 67 49 Melee . | . . . Ram . | . . . Kick . | . . . Crush 1 | . 1 . Escape Stasis . | . . . Rewire . | . . . Trap . | . . . Miscellaneous . | . . . Route ------- -11/Scrapyard -10/Materials (discovered 5 exits: [*Mat x3] / [*Min] / [*Sub]) -10/Subcaves History --------- Turn | Location | Event 1 | -11/Scrapyard | Discovered new exit (range 3) 58 | -11/Scrapyard | Entered Materials 317 | -10/Materials | Build established: Mutant 351 | -10/Materials | Repaired Lgt. Treads 388 | -10/Materials | Repaired Broken Lgt. Treads 489 | -10/Materials | Discovered new exit (range 16) 656 | -10/Materials | Discovered new exit (range 10) 776 | -10/Materials | Central database locked down 903 | -10/Materials | Discovered new exit (range 11) 1501 | -10/Materials | Discovered new exit (range 10) 1715 | -10/Materials | Discovered new exit (range 6) 1723 | -10/Materials | Entered Subcaves 1812 | -10/Subcaves | Shifting Twisted Machinery released Battle Rifle 1816 | -10/Subcaves | Shifting Twisted Machinery released Battle Rifle 1935 | -10/Subcaves | Core integrity fell below 50% 2075 | -10/Subcaves | Disturbed a concealed Subdweller 2660 | -10/Subcaves | Core integrity fell below 20% 2690 | -10/Subcaves | Lost 3 parts (1n1u1w) 3094 | -10/Subcaves | Destroyed by Y-45 Defender with Heavy Assault Rifle Last Messages --------------- 02711_ O8-JHX(R) destroyed. 02716_ Acquired 46 matter. 02719_ Acquired Sub. Laser. 02772_ CE-I1Z(u) deconstructs Twisted Machinery. 02805_ Triggered Piercing Trap. 02805_ Spikes shoot up from the floor. 02805_ Critical hit (Impale). 02853_ Triggered Piercing Trap. 02853_ Spikes shoot up from the floor. 02853_ Critical hit (Impale). 02876_ Sub. Monowheel shoots sparks and powers down. 02877_ Dropped Broken Sub. Monowheel. 02936_ CE-I1Z(u) deconstructs Twisted Machinery. 03014_ QK-9VR(R) destroyed. 03017_ SN-KJA(R) destroyed. 03037_ Acquired Sub. Laser. 03038_ Acquired 42 matter. 03041_ Dropped Wheel. 03042_ Acquired Wheel. 03044_ Acquired 32 matter. Map ----- +----------------------------------------------------+ | ????????????????????????# #####??# #??????????? | | ????????????????????????## #" ##?## ##?????????? | | ?????????????????????????# " ###" #?????????? | | ?????????????????????????### " # "" #?????????? | | ???????????????????????????# " ##" #?????????? | | ???????????????????????????### " ##" ##????????? | | ????????????????????????????## "##" #????????? | | ?????????????????????########" ## ##????????? | | ????????????????????## """ "#?????????? | | ????????????????????# "### "##?????????? | | ????????????????????# ## #####??????????? | | ??????????????????? ???# "###?????????? | | ?????????????????????????# ""#?????????? | | ?????????????????????????# #?????????? | | ?????????????????????????# #?????????? | | ????????????????????????# ##????????? | | ???????????????????????# ## #????????? | | ???????????????????????######?# ##????????? | | ????????????????????????####??# ## ##?????????? | | ????????????????????????# ######## #??????????? | | ????????????????????????# ##??# #??????????? | | ??????????????????????### #?## ##??????????? | | ????????????????????### ### #???????????? | | ????????????????????# ## ##???????????? | | ???????????????????## Y ##????????????? | | ??????????????????## #@ ##?????????????? | | ???# ##### # ## ### ###????????????? | | ???# % % % ## ##?## #????????????? | | ???# & % ######??## #????????????? | | ??? % [%## #??????## ##????????????? | | ???? =& #?????## ! #####??????????? | | ???? #???##[&* !### ##?????????? | | ????? # ##??## ! =& #?????????? | | ????? %% ### #???#" !## ##?????????? | | ?????# #??# #???#" ### ##??????????? | | ??????#% ###???# #?### ##### ##???????????? | | ??????#### #??????## ""## #??# ##????????????? | | ?????????##????????#""" ######?????????????? | | ???????????????????#" ##??????????????? | | ?????????????????""% ## ### #??????????????? | | ????????????????" ??###??## #??????????????? | | ????????????????#" ?????????######??????????????? | | ????????????????##???????????????????????????????? | | ?????????????????????????????????????????????????? | | ?????????????????????????????????????????????????? | | ?????????????????????????????????????????????????? | | ?????????????????????????????????????????????????? | | ?????????????????????????????????????????????????? | | ?????????????????????????????????????????????????? | | ?????????????????????????????????????????????????? | +----------------------------------------------------+ Best States ------------- Heat Dissipation 35 Energy Generation 15 Energy Capacity 250 Matter Stores 300 Matter Capacity 300 Sight Range 16 Terrain Scan Density 10 Evasion (%) 45 Recoil Reduction 2 Item Schematics ----------------- None Robot Schematics ------------------ None Fabricated ------------ Nothing Alien Tech Used ----------------- None Achievements -------------- None Challenges ------------ None Game ------ Seed WeldingWeaponsPenetrator Manual? 0 Play Time 00:17:16 Cumulative 108.8 hours Start 2024.09.18 @ 14:32:08 End 2024.09.18 @ 14:47:06 Sessions 1 Manual Loads 0 Difficulty Rogue Special Mode None Game No. 150 Rogue 150 Adventurer 0 Explorer 0 Win Type - Total 1 Types 1/0/0/0/0/0/0/0/0 Lore% 22 Gallery% 56 Achievement% 44 Wizard Run 0 Options --------- Layout 0 ASCII 0 Keyboard 0 Movement Mouse Keybinds 1 Fullscreen 1 Font 18/TerminusBold Map View 76x50 Zoom Use 0% Tactical HUD 1 Map Filters NONE Filters NONE Steam 1 RUN: 2340fc44-fc5d-4f59-a208-272382348483